 Dungeon Crawl Stone Soup version 0.31-a0-8-gd14b0f4ee2 (webtiles) character file.

Game seed: 2322883310713217757

2091 voltaire321 the Gusty (level 9, -4/52 (61) HPs)
             Began as an Octopode Air Elementalist on May 6, 2023.
             Was an Initiate of Gozag.
             Slain by Duvessa
             ... wielding a +5 short sword of draining
              (15 damage)
             ... on level 7 of the Dungeon.
             The game lasted 00:22:21 (7343 turns).

voltaire321 the Gusty (Octopode Air Elementalist)   Turns: 7343, Time: 00:22:22

HP:   -4/52 (61)    AC:  1    Str:  7    XL:     9   Next: 27%
MP:   9/16          EV: 15    Int: 21    God:    Gozag
Gold: 219           SH:  5    Dex: 13    Spells: 8/18 levels left

rFire   . . .        x - +2 flail (protect)
rCold   + + .        (no shield)
rNeg    . . .        (helmet restricted)
rPois   +            v - amulet of reflection
rElec   .            k - ring of poison resistance
rCorr   .            q - ring of protection from cold
SInv    .            m - ring of protection from cold
Will    .....        (no ring)
Stlth   +++          (no ring)
HPRegen 0.28/turn    (no ring)
MPRegen 0.15/turn    (no ring)
                     (no ring)

%: reflection
@: heavily drained
A: almost no armour, amphibious, 8 rings, camouflage 1, gelatinous body 1,
(nimble swimmer 1), tentacles, subdued magic 1
a: Renounce Religion, Potion Petition, Call Merchant, Bribe Branch


You were on level 7 of the Dungeon.
You worshipped Gozag.
Gozag was aware of your devotion.
You visited 2 branches of the dungeon, and saw 8 of its levels.
You also visited: Sewer.

You collected 312 gold pieces.
You paid 93 gold pieces to Gozag.

Inventory:

Hand Weapons
 l - a +1 dagger of venom
 x - a +2 flail of protection (weapon)
Missiles
 b - 2 curare-tipped darts
Jewellery
 e - an amulet of regeneration
 k - a ring of poison resistance (left tentacle)
 m - a ring of protection from cold (on tentacle)
 q - a ring of protection from cold (right tentacle)
 v - an amulet of reflection (around mantle)
Wands
 r - a wand of quicksilver (9)
Scrolls
 d - a scroll of fear
 h - 4 scrolls of identify
 i - 4 scrolls of teleportation
 j - 2 scrolls of immolation
 n - a scroll of fog
 o - a scroll of blinking
 u - 2 scrolls of poison {unknown}
 w - a scroll of acquirement {unknown}
Potions
 a - 2 potions of magic
 c - a potion of haste {unknown}
 f - a potion of might
 p - a potion of brilliance
 s - 4 potions of heal wounds
 t - a potion of mutation


   Skills:
 + Level 5.1 Fighting
 + Level 5.6 Dodging
 - Level 2.6 Stealth
 + Level 5.2 Spellcasting
 + Level 5.3 Conjurations
 + Level 6.0 Air Magic


You had 8 spell levels left.
You knew the following spells:

 Your Spells              Type           Power      Damage    Failure   Level
a - Shock                 Conj/Air       88%        1d8       1%          1
b - Static Discharge      Conj/Air       44%        2-4/arc   1%          2
c - Swiftness             Air            23%        N/A       1%          3
d - Airstrike             Air            11%        2d(2-18)  7%          4

Your spell library contained the following spells:

 Spells                   Type           Power      Damage    Failure   Level
 Cigotuvi's Dreadful Rot  Necr/Pois/Air  20%        N/A       5%          2
 Beastly Appendage        Tmut           8%         N/A       9%          1
 Slow                     Hex            16%        N/A       9%          1
 Hailstorm                Conj/Ice       12%        3d5       9%          3
 Wereblood                Tmut           4%         N/A       13%         2
 Confusing Touch          Hex            4%         N/A       28%         3
 Frozen Ramparts          Ice            8%         1d2       28%         3
 Spider Form              Tmut/Pois      4%         N/A       28%         3
 Vampiric Draining        Necr           4%         2d6       28%         3
 Dispel Undead            Necr           4%         3d7       67%         4
 Ice Form                 Ice/Tmut       4%         N/A       67%         4
 Summon Ice Beast         Ice/Summ       4%         N/A       67%         4
 Death Channel            Necr           2%         N/A       100%        6
 Simulacrum               Ice/Necr       Unusable   N/A       N/A         6

Dungeon Overview and Level Annotations

Branches:
Dungeon (7/15)             Temple (1/1) D:4           Sewer (visited)

Altars:
Dithmenos
Elyvilon
Fedhas
Gozag
Hepliaklqana
Kikubaaqudgha
Qazlal
Ru
Sif Muna
Trog
Uskayaw
Vehumet
Wu Jian
Xom
Yredelemnul
Zin
The Shining One

Shops:
D:2 :

Annotations:
D:4 exclusion: oklob plant
D:7 Dowan, Duvessa


Innate Abilities, Weirdness & Mutations

You cannot wear most types of armour.
You are amphibious.
You can wear up to eight rings at the same time.
Your skin changes colour to match your surroundings (Stealth+).
Your rubbery body absorbs attacks. (AC +1, EV +1)
((You are camouflaged when in or above water. (Stealth+)))
You have tentacles for arms and can constrict up to eight enemies at once.
Your spells are a little easier to cast, but a little less powerful.


Message History

Dowan is heavily wounded.
Duvessa misses you. You block Duvessa's attack.
Aiming: Shock (safe; 1% risk of failure)
Press: ? - help, Q - select action, (/) - cycle Shift-Dir - straight line, f/p - Duvessa
Aim: Duvessa, wielding a +5 short sword of draining and wearing a +0 leather armour (moderately wounded, fast, 77% to hit)
The zap misses Duvessa.
The zap misses Dowan.
You block Duvessa's attack.
Aiming: Shock (safe; 1% risk of failure)
Press: ? - help, Q - select action, (/) - cycle Shift-Dir - straight line, f/p - Duvessa
Aim: Duvessa, wielding a +5 short sword of draining and wearing a +0 leather armour (moderately wounded, fast, 77% to hit)
The zap hits Duvessa.
Duvessa is heavily wounded.
The zap misses Dowan.
Duvessa barely misses you.
Duvessa hits you with a +5 short sword of draining.
You feel drained.
Aiming: Shock (safe; 1% risk of failure)
Press: ? - help, Q - select action, (/) - cycle Shift-Dir - straight line, f/p - Duvessa
Aim: Duvessa, wielding a +5 short sword of draining and wearing a +0 leather armour (heavily wounded, fast, 77% to hit)
The zap hits Duvessa.
Duvessa is heavily wounded.
The zap hits Dowan.
Dowan is severely wounded.
Duvessa hits you with a +5 short sword of draining!
You feel drained.
* * * LOW HITPOINT WARNING * * *
Casting: Shock (safe; 1% risk of failure)
Confirm with . or Enter, or press ? or * to list all spells.
Duvessa is struck by an arc of lightning.
Duvessa is severely wounded.
You are struck by an arc of lightning.
* * * LOW HITPOINT WARNING * * *
Duvessa is struck by an arc of lightning.
Duvessa is severely wounded.
Dowan is struck by an arc of lightning.
Dowan is severely wounded.
The lightning grounds out.
Duvessa hits you with a +5 short sword of draining!
You die...
Your body crumbles into a pile of gold.

..? .....
......#####
...........#
#..........#######
..........?>.ee@.#
#...........######
#...........#
#...........#
#...........# #
#.####....[#
..#.###..#####
..#.##..##
.......##


You could see Duvessa (fast) and Dowan.

Vanquished Creatures
  2 water moccasins
  An orc warrior (D:6)
  An ogre (D:6)
  A sky beast (D:6)
  A phantom (D:6)
  7 kobold brigands
  A bullfrog (D:6)
  2 scorpions
  A jelly (D:6)
  2 hounds
  A gnoll bouda (D:4)
  4 orc priests
  An iguana (D:4)
  6 orc wizards
  17 adders
  10 gnolls
  3 river rats (Sewer)
  3 ufetubi
  4 worms
  28 orcs
  10 endoplasms
  4 giant cockroaches
  5 hobgoblins
  3 jackals (D:3)
  2 quokkas
  12 ball pythons
  7 bats
  A frilled lizard (D:2)
  5 goblins
  29 kobolds
  5 rats
179 creatures vanquished.

Vanquished Creatures (others)
  22 fungi (D:4)
  62 plants (D:4)
84 creatures vanquished.

Grand Total: 263 creatures vanquished

Notes
Turn   | Place    | Note
-------+----------+-------------------------------------------
     0 | D:1      | voltaire321 the Octopode Air Elementalist began the quest
                  | for the Orb.
     0 | D:1      | Reached XP level 1. HP: 11/11 MP: 3/3
   346 | D:1      | Reached XP level 2. HP: 17/18 MP: 1/5
   436 | D:1      | Learned a level 2 spell: Static Discharge
   950 | D:1      | Reached skill level 1 in Fighting
   950 | D:1      | Reached XP level 3. HP: 11/23 MP: 6/6
  1257 | D:2      | Learned a level 3 spell: Swiftness
  1413 | D:2      | Reached XP level 4. HP: 28/28 MP: 4/7
  1427 | D:2      | Found Aneokkoa's Vocational Training.
  1616 | D:2      | Found a faded altar of an unknown god.
  1881 | D:3      | Found a glowing drain.
  1900 | Sewer    | Entered a sewer
  1970 | Sewer    | Noticed a kobold brigand
  1988 | Sewer    | Killed a kobold brigand
  1989 | Sewer    | Reached XP level 5. HP: 6/34 MP: 5/9
  2607 | Sewer    | Reached XP level 6. HP: 39/39 MP: 1/10
  2763 | Sewer    | Reached skill level 4 in Air Magic
  3131 | Sewer    | Reached XP level 7. HP: 16/45 MP: 4/12
  3140 | Sewer    | HP: 2/46 [poisoned by a kobold brigand]
  3332 | Sewer    | Learned a level 4 spell: Airstrike
  3603 | D:3      | HP: 2/46 [poisoned by a scorpion]
  3604 | D:3      | Gained mutation: Your spells are a little easier to cast,
                  | but a little less powerful. [potion of mutation]
  3994 | D:3      | Found a radiant altar of Vehumet.
  4755 | D:4      | Found a staircase to the Ecumenical Temple.
  4808 | Temple   | Entered the Ecumenical Temple
  5148 | D:4      | Found a blossoming altar of Fedhas.
  5189 | D:4      | Reached XP level 8. HP: 53/53 MP: 2/14
  5306 | D:4      | Noticed an oklob plant
  5452 | D:5      | Entered Level 5 of the Dungeon
  5756 | D:5      | Reached skill level 5 in Air Magic
  6256 | D:6      | Found a bloodstained altar of Trog.
  6408 | D:6      | Reached skill level 5 in Dodging
  6556 | D:6      | Reached XP level 9. HP: 59/59 MP: 6/16
  6663 | D:6      | Reached skill level 5 in Spellcasting
  6663 | D:6      | Reached skill level 5 in Conjurations
  6841 | D:6      | Reached skill level 5 in Fighting
  6907 | D:6      | Reached skill level 6 in Air Magic
  7017 | D:6      | Found a stormy altar of Qazlal.
  7099 | Temple   | Became a worshipper of Gozag Ym Sagoz the Greedy
  7328 | D:7      | Noticed Duvessa
  7329 | D:7      | Noticed Dowan
  7343 | D:7      | Slain by Duvessa

Illustrated notes

Levels and vault maps discovered:
D:1:      wander_arrival_desolate, layout_basic
D:2:      layout_rooms, nicolae_ecumenical_snake_handling,
          ebering_dispersal_statue_hall, mrwooster_statue_mirror,
          nicolae_shop_vocational
D:3:      layout_basic, nicolae_vehumet_altar_sigil, portal_sewer_entry_d,
          kennysheep_cluttered_room, minmay_three_crescents
D:4:      layout_cave_pools, tgw_fedhas, minmay_temple_entry_grid
D:5:      layout_rooms
D:6:      layout_rooms, amcnicky_altar_gilded, nicolae_qazlal_beasts_of_the_sky
D:7:      layout_basic, okawaru_ov_weapons_minmay, uniq_duvessa
Temple:   nicolae_temple_ecumenical_triangle

Skill      XL: |  1  2  3  4  5  6  7  8  9 |
---------------+----------------------------+-----
Fighting       | 1 2 3 4 5 |  5.1
Conjurations   | 2 3 4 5 |  5.3
Dodging        | 3 4 5 |  5.6
Spellcasting   | 3 4 5 |  5.2
Air Magic      | 4 5 6 |  6.0
Stealth        | |  2.6

Action                     |  1- 3 |  4- 6 |  7- 9 || total
---------------------------+-------+-------+-------++-------
  Melee: Unarmed           |    17 |       |       ||    17
         Tentacles         |    13 |    17 |    43 ||    73
         Constrict         |     8 |    10 |    36 ||    54
         Whip              |    16 |       |       ||    16
         Short sword       |       |    49 |    61 ||   110
         Punch             |       |     1 |     6 ||     7
         Flail             |       |       |    82 ||    82
   Cast: Shock             |    42 |   103 |   197 ||   342
         Static Discharge  |       |       |     7 ||     7
    Use: Potion            |       |     2 |     3 ||     5
         Scroll            |       |       |    12 ||    12
   Stab: Sleeping          |       |       |     1 ||     1
 Armour: Skin              |     1 |     2 |    24 ||    27
  Dodge: Dodged            |    35 |    33 |   139 ||   207
  Block: Other             |       |       |    10 ||    10
         Reflection        |       |       |     2 ||     2

Table legend: (Time is in decaauts)
 A = Elapsed time spent in this place.
 B = Non-inter-level travel time spent in this place.
 C = Inter-level travel time spent in this place.
 D = Time resting spent in this place.
 E = Time spent auto-exploring this place.
 F = Levels seen in this place.
 G = Mean time per level.
                   A        B        C        D        E       F      G
               +--------+--------+--------+--------+--------+-----+--------+
         Total |   7391 |   7151 |    240 |   2041 |   3372 |   9 |  821.2 |
       Dungeon |   5877 |   5654 |    223 |   1459 |   2750 |   7 |  839.6 |
        Temple |     68 |     51 |     17 |      0 |      0 |   1 |   68.0 |
         Sewer |   1445 |   1445 |      0 |    582 |    622 |   1 | 1445.0 |
               +--------+--------+--------+--------+--------+-----+--------+

Top non-repeatable levels by time:
   Sewer: 1445 daAuts
     D:3: 1138 daAuts
     D:1: 1104 daAuts
     D:4: 1053 daAuts
     D:6: 971 daAuts
     D:5: 844 daAuts
     D:2: 743 daAuts
  Temple: 68 daAuts
     D:7: 22 daAuts
